[ AOE2 MATCH · #480628758 ]
UnrankedAztecs vs Japanese
[ REPLAY ANALYSIS · EXTRACTED FROM THE RECORDED GAME ]
Feudal
9:29
Castle
22:35
Imperial
38:03
| APM avg | 38.4 |
| APM peak | 77 |
| eAPM avg | 21.5 |
| Villagers / military | 112 / 293 |
Focus
⚔️ 46.5% · 🌾 53.5%
Archer ×123 · Spearman ×108 · Eagle Scout ×41 · Trade Cart ×23 · Battering Ram ×13 · Trebuchet (Packed) ×5
Feudal
9:56
Castle
23:34
Imperial
42:53
| APM avg | 39.8 |
| APM peak | 97 |
| eAPM avg | 18.0 |
| Villagers / military | 209 / 200 |
Focus
⚔️ 29.1% · 🌾 70.9%
Skirmisher ×72 · Cavalry Archer ×46 · Archer ×41 · Samurai ×32 · Militia ×5 · Knight ×2
Feudal
8:52
Castle
21:30
Imperial
36:39
| APM avg | 43.7 |
| APM peak | 86 |
| eAPM avg | 24.1 |
| Villagers / military | 187 / 305 |
Focus
⚔️ 39.2% · 🌾 60.8%
Scout Cavalry ×133 · Hand Cannoneer ×58 · Camel Scout ×56 · Knight ×43 · Trade Cart ×19 · Trebuchet (Packed) ×9
Feudal
9:17
Castle
20:21
Imperial
40:41
| APM avg | 57.0 |
| APM peak | 109 |
| eAPM avg | 26.7 |
| Villagers / military | 161 / 395 |
Focus
⚔️ 40.0% · 🌾 60.0%
Scout Cavalry ×159 · Spearman ×142 · Skirmisher ×42 · Knight ×34 · Monk ×10 · Trebuchet (Packed) ×7
Match map
Initial resources + every placement click. Lines = walls · curves = elevation contours. ◆ gold · ⬟ stone · ● berries · ✦ relic · ◌ wall gap
Your base· Open — 1t gap
Dolan Jolan's base· ✓ Closed at 23:34 · 30t walls · 1 gate(s)
Bofus's base· Open — 3t gap
MisterHood's base· ✓ Closed at 20:21 · 51t walls · no gate
Smoothed initial terrain · ◌ = detected wall gap · hover for details
Inputs per minute
— Oliman13 - - Dolan Jolan
Build order — Oliman13
First 150 of 606 actions detected
| 0:01 | Create | Villager (Male) |
| 0:01 | Create | Villager (Male) |
| 0:01 | Create | Villager (Male) |
| 0:03 | Build | House |
| 0:05 | Build | House |
| 0:21 | Create | Villager (Male) |
| 1:20 | Create | Villager (Male) |
| 1:21 | Create | Villager (Male) |
| 1:50 | Build | Lumber Camp |
| 2:09 | Create | Villager (Male) |
| 2:09 | Create | Villager (Male) |
| 2:10 | Create | Villager (Male) |
| 2:58 | Create | Villager (Male) |
| 2:59 | Create | Villager (Male) |
| 3:09 | Build | House |
| 3:21 | Create | Villager (Male) |
| 3:21 | Create | Villager (Male) |
| 3:38 | Create | Villager (Male) |
| 3:39 | Create | Villager (Male) |
| 4:07 | Create | Villager (Male) |
| 4:08 | Create | Villager (Male) |
| 5:02 | Create | Villager (Male) |
| 5:03 | Create | Villager (Male) |
| 5:03 | Create | Villager (Male) |
| 5:14 | Build | Mill |
| 5:50 | Create | Villager (Male) |
| 5:50 | Research | Loom |
| 7:04 | Build | House |
| 7:19 | Research | Feudal Age |
| 7:44 | Build | Mining Camp |
| 8:03 | Build | House |
| 8:07 | Build | Palisade Wall |
| 8:35 | Build | Barracks |
| 8:57 | Create | Villager (Male) |
| 9:29 | Age | Feudal Age |
| 9:35 | Build | Archery Range |
| 9:37 | Create | Villager (Male) |
| 9:42 | Research | Double-Bit Axe |
| 9:48 | Build | House |
| 9:58 | Build | Palisade Wall |
| 10:03 | Build | Palisade Wall |
| 10:20 | Build | Palisade Wall |
| 10:29 | Create | Spearman |
| 10:31 | Create | Villager (Male) |
| 10:35 | Build | House |
| 10:39 | Build | Palisade Wall |
| 10:42 | Create | Villager (Male) |
| 10:47 | Create | Archer |
| 10:47 | Create | Archer |
| 10:47 | Create | Archer |
| 10:47 | Create | Archer |
| 11:00 | Create | Archer |
| 11:00 | Create | Archer |
| 11:06 | Build | Watch Tower |
| 11:08 | Create | Villager (Male) |
| 11:19 | Create | Villager (Male) |
| 11:52 | Create | Villager (Male) |
| 12:15 | Build | Blacksmith |
| 12:41 | Create | Villager (Male) |
| 12:42 | Create | Villager (Male) |
| 13:00 | Create | Villager (Male) |
| 13:02 | Create | Villager (Male) |
| 13:08 | Build | House |
| 13:13 | Build | Palisade Wall |
| 13:17 | Research | Fletching |
| 13:21 | Create | Spearman |
| 13:27 | Build | Farm |
| 13:35 | Build | Farm |
| 13:35 | Build | Farm |
| 13:35 | Build | Farm |
| 13:35 | Build | Farm |
| 13:36 | Build | Farm |
| 13:36 | Build | Farm |
| 13:47 | Create | Villager (Male) |
| 14:02 | Build | House |
| 14:08 | Build | Palisade Wall |
| 14:13 | Create | Villager (Male) |
| 14:23 | Build | Farm |
| 14:25 | Create | Villager (Male) |
| 14:30 | Build | Farm |
| 14:31 | Create | Archer |
| 14:31 | Create | Archer |
| 14:56 | Create | Archer |
| 14:57 | Create | Archer |
| 15:16 | Create | Villager (Male) |
| 15:42 | Create | Villager (Male) |
| 15:44 | Build | Farm |
| 15:49 | Build | Farm |
| 15:50 | Build | Farm |
| 15:50 | Build | Farm |
| 15:50 | Build | Farm |
| 15:50 | Build | Farm |
| 16:07 | Create | Villager (Male) |
| 16:28 | Create | Villager (Male) |
| 16:35 | Create | Villager (Male) |
| 16:37 | Build | Archery Range |
| 17:17 | Research | Padded Archer Armor |
| 17:22 | Create | Archer |
| 17:23 | Create | Archer |
| 17:23 | Create | Archer |
| 17:25 | Create | Villager (Male) |
| 17:33 | Create | Archer |
| 17:34 | Create | Archer |
| 17:41 | Build | Market |
| 17:45 | Create | Villager (Male) |
| 18:10 | Build | House |
| 18:15 | Build | House |
| 18:40 | Research | Wheelbarrow |
| 18:43 | Build | House |
| 19:50 | Research | Castle Age |
| 20:13 | Build | Archery Range |
| 20:17 | Create | Archer |
| 20:17 | Create | Archer |
| 20:17 | Create | Archer |
| 20:18 | Create | Archer |
| 20:18 | Create | Archer |
| 20:28 | Create | Spearman |
| 20:32 | Create | Archer |
| 20:33 | Create | Archer |
| 20:34 | Create | Villager (Male) |
| 20:51 | Build | Gate |
| 21:16 | Create | Archer |
| 21:16 | Create | Archer |
| 21:16 | Create | Archer |
| 21:29 | Create | Spearman |
| 21:31 | Create | Villager (Male) |
| 22:07 | Create | Archer |
| 22:07 | Create | Archer |
| 22:07 | Create | Archer |
| 22:07 | Create | Archer |
| 22:07 | Create | Archer |
| 22:16 | Create | Spearman |
| 22:35 | Age | Castle Age |
| 22:36 | Research | Crossbowman (upgrade) |
| 22:36 | Research | Crossbowman (upgrade) |
| 22:38 | Research | Bodkin Arrow |
| 22:41 | Create | Villager (Male) |
| 22:47 | Build | University |
| 23:13 | Build | Town Center |
| 23:18 | Build | House |
| 23:21 | Build | House |
| 23:22 | Create | Villager (Male) |
| 23:22 | Create | Villager (Male) |
| 23:31 | Create | Villager (Male) |
| 23:42 | Build | Palisade Wall |
| 23:46 | Build | Palisade Wall |
| 23:48 | Create | Villager (Male) |
| 23:49 | Create | Villager (Male) |
| 23:59 | Create | Villager (Male) |
| 24:06 | Create | Archer |
Build order — Dolan Jolan
First 150 of 444 actions detected
| 0:00 | Create | Villager (Male) |
| 0:01 | Create | Villager (Male) |
| 0:02 | Build | House |
| 0:03 | Build | House |
| 0:28 | Create | Villager (Male) |
| 0:28 | Create | Villager (Male) |
| 0:28 | Create | Villager (Male) |
| 1:27 | Create | Villager (Male) |
| 1:56 | Build | Lumber Camp |
| 2:08 | Create | Villager (Male) |
| 2:08 | Create | Villager (Male) |
| 2:25 | Create | Villager (Male) |
| 2:57 | Create | Villager (Male) |
| 3:28 | Create | Villager (Male) |
| 3:54 | Create | Villager (Male) |
| 4:00 | Build | House |
| 4:23 | Build | Barracks |
| 4:27 | Create | Villager (Male) |
| 4:44 | Create | Villager (Male) |
| 5:01 | Create | Villager (Male) |
| 5:32 | Create | Villager (Male) |
| 5:44 | Create | Villager (Male) |
| 5:49 | Build | House |
| 6:20 | Create | Villager (Male) |
| 6:46 | Build | Palisade Wall |
| 7:03 | Research | Loom |
| 7:46 | Research | Feudal Age |
| 7:47 | Research | Feudal Age |
| 8:10 | Create | Militia |
| 8:10 | Create | Militia |
| 8:11 | Create | Militia |
| 8:35 | Build | Mill |
| 9:03 | Build | Mining Camp |
| 9:35 | Create | Villager (Male) |
| 9:40 | Create | Militia |
| 9:40 | Create | Militia |
| 9:56 | Age | Feudal Age |
| 10:06 | Research | Man-at-Arms (upgrade) |
| 10:06 | Research | Man-at-Arms (upgrade) |
| 10:21 | Create | Villager (Male) |
| 10:23 | Research | Double-Bit Axe |
| 10:27 | Build | Barracks |
| 10:44 | Create | Villager (Male) |
| 10:50 | Build | House |
| 10:57 | Build | House |
| 11:01 | Build | Palisade Wall |
| 11:06 | Build | Palisade Wall |
| 11:12 | Create | Villager (Male) |
| 11:47 | Create | Villager (Male) |
| 12:00 | Build | Archery Range |
| 12:15 | Build | Farm |
| 12:27 | Build | Farm |
| 12:35 | Create | Villager (Male) |
| 12:39 | Build | Farm |
| 12:56 | Create | Archer |
| 12:56 | Create | Archer |
| 13:00 | Build | Palisade Wall |
| 13:03 | Build | Farm |
| 13:14 | Create | Villager (Male) |
| 13:29 | Build | Farm |
| 13:34 | Build | Farm |
| 13:43 | Build | Farm |
| 13:51 | Create | Villager (Male) |
| 14:02 | Create | Archer |
| 14:15 | Create | Villager (Male) |
| 14:19 | Build | Blacksmith |
| 14:33 | Create | Villager (Male) |
| 15:00 | Build | Blacksmith |
| 15:03 | Build | Farm |
| 15:04 | Create | Villager (Male) |
| 15:06 | Create | Archer |
| 15:07 | Create | Archer |
| 15:16 | Build | House |
| 15:29 | Create | Villager (Male) |
| 15:32 | Research | Fletching |
| 15:33 | Research | Fletching |
| 15:41 | Build | Lumber Camp |
| 15:46 | Build | House |
| 15:48 | Build | House |
| 15:50 | Create | Archer |
| 15:54 | Create | Villager (Male) |
| 16:01 | Build | Farm |
| 16:25 | Build | Lumber Camp |
| 16:28 | Create | Villager (Male) |
| 16:41 | Create | Villager (Male) |
| 16:43 | Create | Archer |
| 17:07 | Build | Farm |
| 17:18 | Build | Farm |
| 17:19 | Create | Villager (Male) |
| 17:27 | Create | Villager (Male) |
| 17:35 | Create | Archer |
| 17:36 | Create | Archer |
| 17:48 | Create | Villager (Male) |
| 17:55 | Research | Padded Archer Armor |
| 18:13 | Create | Archer |
| 18:17 | Research | Horse Collar |
| 18:36 | Build | Palisade Gate |
| 18:41 | Create | Villager (Male) |
| 18:43 | Research | Wheelbarrow |
| 18:46 | Build | Farm |
| 18:49 | Build | Farm |
| 18:54 | Build | Palisade Wall |
| 19:01 | Build | Palisade Wall |
| 19:13 | Create | Archer |
| 19:13 | Create | Archer |
| 19:22 | Build | Farm |
| 19:32 | Build | Farm |
| 19:33 | Create | Archer |
| 19:40 | Build | Farm |
| 19:43 | Build | Farm |
| 19:44 | Create | Villager (Male) |
| 20:54 | Research | Castle Age |
| 21:08 | Create | Archer |
| 21:19 | Build | Stable |
| 21:38 | Create | Villager (Male) |
| 21:40 | Create | Archer |
| 21:57 | Create | Archer |
| 22:19 | Research | Bloodlines |
| 22:23 | Create | Villager (Male) |
| 22:26 | Create | Archer |
| 23:16 | Build | Palisade Wall |
| 23:34 | Age | Castle Age |
| 23:39 | Build | Town Center |
| 23:47 | Research | Town Watch |
| 23:51 | Build | House |
| 23:52 | Build | House |
| 23:54 | Create | Knight |
| 23:54 | Create | Knight |
| 23:59 | Create | Villager (Male) |
| 24:02 | Research | Bow Saw |
| 24:04 | Create | Villager (Male) |
| 24:09 | Research | Gold Mining |
| 24:24 | Research | Crossbowman (upgrade) |
| 24:27 | Create | Villager (Male) |
| 24:56 | Create | Villager (Male) |
| 25:03 | Create | Villager (Male) |
| 25:04 | Create | Villager (Male) |
| 25:20 | Create | Villager (Male) |
| 25:20 | Create | Villager (Male) |
| 25:24 | Build | Farm |
| 25:24 | Build | Farm |
| 25:24 | Build | Farm |
| 25:24 | Build | Farm |
| 25:25 | Build | Farm |
| 25:25 | Build | Farm |
| 25:32 | Create | Archer |
| 25:37 | Build | Market |
| 25:51 | Create | Villager (Male) |
| 26:08 | Create | Villager (Male) |
| 26:36 | Build | Palisade Wall |
Build order — Bofus
First 150 of 645 actions detected
| 0:01 | Create | Villager (Male) |
| 0:01 | Create | Villager (Male) |
| 0:01 | Create | Villager (Male) |
| 0:02 | Build | House |
| 0:04 | Build | House |
| 0:39 | Create | Villager (Male) |
| 0:40 | Create | Villager (Male) |
| 1:12 | Create | Villager (Male) |
| 1:54 | Create | Villager (Male) |
| 2:16 | Build | Lumber Camp |
| 2:19 | Create | Villager (Male) |
| 2:37 | Create | Villager (Male) |
| 3:01 | Create | Villager (Male) |
| 3:25 | Build | House |
| 3:34 | Create | Villager (Male) |
| 3:44 | Create | Villager (Male) |
| 4:28 | Create | Villager (Male) |
| 4:53 | Build | Mill |
| 4:54 | Create | Villager (Male) |
| 5:00 | Create | Villager (Male) |
| 5:34 | Create | Villager (Male) |
| 5:40 | Create | Villager (Male) |
| 5:40 | Create | Villager (Male) |
| 5:47 | Research | Loom |
| 6:42 | Research | Feudal Age |
| 6:59 | Build | House |
| 7:40 | Build | Barracks |
| 7:48 | Build | Palisade Wall |
| 7:58 | Build | House |
| 7:59 | Build | Palisade Wall |
| 8:33 | Create | Villager (Male) |
| 8:46 | Build | Palisade Wall |
| 8:52 | Age | Feudal Age |
| 8:57 | Build | Stable |
| 8:58 | Create | Villager (Male) |
| 9:12 | Research | Double-Bit Axe |
| 9:25 | Build | Palisade Wall |
| 9:36 | Create | Villager (Male) |
| 9:42 | Build | House |
| 9:43 | Build | Palisade Wall |
| 9:48 | Build | Palisade Wall |
| 9:53 | Build | Farm |
| 9:58 | Build | Farm |
| 10:00 | Create | Villager (Male) |
| 10:05 | Create | Scout Cavalry |
| 10:10 | Create | Villager (Male) |
| 10:20 | Build | Farm |
| 10:41 | Create | Scout Cavalry |
| 10:49 | Create | Villager (Male) |
| 10:51 | Build | Farm |
| 10:56 | Build | Farm |
| 11:11 | Create | Villager (Male) |
| 11:18 | Build | Farm |
| 11:23 | Create | Villager (Male) |
| 11:30 | Create | Scout Cavalry |
| 11:39 | Build | Farm |
| 12:00 | Create | Villager (Male) |
| 12:08 | Create | Scout Cavalry |
| 12:19 | Build | Farm |
| 12:31 | Create | Villager (Male) |
| 12:37 | Create | Scout Cavalry |
| 13:04 | Build | Blacksmith |
| 13:07 | Create | Villager (Male) |
| 13:12 | Build | Farm |
| 13:24 | Build | House |
| 13:26 | Build | House |
| 13:31 | Build | Palisade Wall |
| 13:41 | Create | Villager (Male) |
| 13:41 | Create | Villager (Male) |
| 13:47 | Create | Villager (Male) |
| 13:52 | Research | Forging |
| 14:04 | Create | Villager (Male) |
| 14:08 | Build | Farm |
| 14:12 | Build | Farm |
| 14:13 | Create | Villager (Male) |
| 14:54 | Create | Scout Cavalry |
| 14:54 | Create | Scout Cavalry |
| 14:55 | Create | Villager (Male) |
| 15:08 | Build | Market |
| 15:18 | Build | Farm |
| 15:23 | Build | Palisade Wall |
| 15:30 | Create | Scout Cavalry |
| 15:35 | Create | Villager (Male) |
| 15:40 | Build | Farm |
| 15:56 | Build | Mining Camp |
| 16:05 | Create | Villager (Male) |
| 16:13 | Create | Scout Cavalry |
| 16:52 | Create | Scout Cavalry |
| 16:53 | Create | Villager (Male) |
| 16:56 | Build | Farm |
| 16:57 | Build | Farm |
| 17:00 | Build | Lumber Camp |
| 17:07 | Create | Villager (Male) |
| 17:17 | Create | Villager (Male) |
| 17:45 | Build | Farm |
| 17:48 | Build | Farm |
| 18:02 | Build | House |
| 18:06 | Build | House |
| 18:41 | Build | Stable |
| 18:50 | Research | Castle Age |
| 19:21 | Create | Villager (Male) |
| 19:36 | Research | Horse Collar |
| 19:56 | Build | Farm |
| 19:58 | Build | Farm |
| 20:05 | Research | Scale Barding Armor |
| 20:31 | Build | House |
| 20:50 | Create | Villager (Male) |
| 21:30 | Age | Castle Age |
| 21:33 | Research | Chain Barding Armor |
| 21:35 | Create | Camel Scout |
| 21:35 | Create | Camel Scout |
| 21:41 | Create | Villager (Male) |
| 21:58 | Research | Husbandry |
| 22:10 | Build | Town Center |
| 22:21 | Research | Bow Saw |
| 22:24 | Create | Camel Scout |
| 22:24 | Create | Camel Scout |
| 22:33 | Build | House |
| 22:37 | Create | Villager (Male) |
| 22:39 | Create | Camel Scout |
| 22:58 | Create | Camel Scout |
| 22:59 | Create | Camel Scout |
| 22:59 | Create | Villager (Male) |
| 23:05 | Build | Farm |
| 23:08 | Build | Farm |
| 23:10 | Build | Farm |
| 23:24 | Create | Camel Scout |
| 23:28 | Create | Villager (Male) |
| 23:28 | Create | Villager (Male) |
| 23:34 | Create | Camel Scout |
| 23:34 | Create | Camel Scout |
| 24:00 | Create | Knight |
| 24:01 | Create | Knight |
| 24:12 | Create | Villager (Male) |
| 24:13 | Create | Villager (Male) |
| 24:22 | Build | Town Center |
| 24:27 | Build | Lumber Camp |
| 24:31 | Create | Villager (Male) |
| 24:31 | Create | Villager (Male) |
| 24:38 | Build | Palisade Wall |
| 24:39 | Build | Palisade Wall |
| 24:43 | Build | House |
| 24:45 | Build | Palisade Wall |
| 24:46 | Build | Palisade Wall |
| 24:50 | Create | Villager (Male) |
| 24:55 | Create | Knight |
| 24:55 | Create | Knight |
| 24:56 | Build | Farm |
| 25:02 | Create | Villager (Male) |
| 25:21 | Create | Camel Scout |
Build order — MisterHood
First 150 of 588 actions detected
| 0:00 | Create | Villager (Male) |
| 0:01 | Create | Villager (Male) |
| 0:02 | Build | House |
| 0:04 | Build | House |
| 0:26 | Create | Villager (Male) |
| 0:41 | Create | Villager (Male) |
| 1:28 | Create | Villager (Male) |
| 2:01 | Create | Villager (Male) |
| 2:20 | Create | Villager (Male) |
| 2:48 | Create | Villager (Male) |
| 3:14 | Create | Villager (Male) |
| 3:32 | Build | Mill |
| 3:37 | Build | House |
| 3:42 | Create | Villager (Male) |
| 3:59 | Create | Villager (Male) |
| 4:34 | Create | Villager (Male) |
| 5:02 | Create | Villager (Male) |
| 5:07 | Create | Villager (Male) |
| 5:30 | Create | Villager (Male) |
| 5:34 | Build | House |
| 6:09 | Create | Villager (Male) |
| 6:14 | Research | Loom |
| 7:02 | Research | Feudal Age |
| 7:36 | Build | Barracks |
| 8:17 | Build | Palisade Wall |
| 8:22 | Create | Villager (Male) |
| 9:17 | Age | Feudal Age |
| 9:18 | Build | Stable |
| 9:19 | Research | Double-Bit Axe |
| 9:29 | Build | Palisade Wall |
| 9:30 | Build | Palisade Wall |
| 9:31 | Build | Palisade Wall |
| 9:33 | Create | Spearman |
| 9:34 | Create | Villager (Male) |
| 9:56 | Create | Villager (Male) |
| 10:11 | Build | House |
| 10:15 | Build | Farm |
| 10:16 | Build | Farm |
| 10:16 | Build | Farm |
| 10:19 | Create | Villager (Male) |
| 10:36 | Build | Farm |
| 10:36 | Build | Farm |
| 10:37 | Build | Farm |
| 10:37 | Build | Farm |
| 10:44 | Create | Scout Cavalry |
| 10:50 | Create | Villager (Male) |
| 10:52 | Build | Farm |
| 11:02 | Create | Villager (Male) |
| 11:04 | Create | Villager (Male) |
| 11:06 | Build | Farm |
| 11:15 | Create | Scout Cavalry |
| 11:24 | Build | House |
| 11:27 | Build | House |
| 11:29 | Build | Palisade Wall |
| 11:33 | Create | Spearman |
| 11:34 | Create | Villager (Male) |
| 11:46 | Create | Spearman |
| 11:50 | Create | Villager (Male) |
| 12:11 | Create | Scout Cavalry |
| 12:13 | Build | Blacksmith |
| 12:14 | Build | House |
| 12:15 | Build | Palisade Wall |
| 12:40 | Build | House |
| 12:42 | Create | Villager (Male) |
| 13:03 | Create | Villager (Male) |
| 13:11 | Build | Mule Cart |
| 13:17 | Build | House |
| 13:21 | Create | Villager (Male) |
| 13:35 | Build | Farm |
| 13:37 | Build | Farm |
| 13:38 | Build | Farm |
| 13:42 | Build | Farm |
| 13:43 | Create | Villager (Male) |
| 13:49 | Build | Palisade Wall |
| 14:00 | Build | Farm |
| 14:06 | Create | Spearman |
| 14:09 | Build | House |
| 14:12 | Build | Palisade Wall |
| 14:37 | Create | Villager (Male) |
| 14:44 | Create | Villager (Male) |
| 14:46 | Build | Farm |
| 15:03 | Build | Palisade Wall |
| 15:10 | Create | Villager (Male) |
| 15:13 | Build | Farm |
| 15:17 | Build | Farm |
| 15:20 | Build | Farm |
| 15:47 | Build | House |
| 15:49 | Build | Palisade Wall |
| 15:53 | Research | Wheelbarrow |
| 16:29 | Build | Farm |
| 16:56 | Create | Villager (Male) |
| 17:13 | Build | House |
| 17:15 | Build | Palisade Wall |
| 17:33 | Build | Stable |
| 17:41 | Research | Castle Age |
| 17:48 | Create | Spearman |
| 17:57 | Build | Farm |
| 18:01 | Build | Farm |
| 18:11 | Research | Horse Collar |
| 18:24 | Research | Scale Barding Armor |
| 18:53 | Research | Bloodlines |
| 19:04 | Build | Farm |
| 19:24 | Create | Scout Cavalry |
| 19:26 | Research | Forging |
| 19:43 | Build | Farm |
| 19:47 | Create | Scout Cavalry |
| 19:51 | Build | Farm |
| 19:52 | Build | Farm |
| 20:07 | Create | Villager (Male) |
| 20:21 | Age | Castle Age |
| 20:21 | Research | Light Cavalry (upgrade) |
| 20:38 | Build | Town Center |
| 20:41 | Create | Villager (Male) |
| 20:43 | Create | Scout Cavalry |
| 21:08 | Create | Villager (Male) |
| 21:11 | Create | Villager (Male) |
| 21:18 | Build | House |
| 21:20 | Build | House |
| 21:22 | Create | Villager (Male) |
| 21:23 | Create | Scout Cavalry |
| 21:33 | Build | Monastery |
| 21:43 | Build | Monastery |
| 21:53 | Create | Villager (Male) |
| 21:56 | Research | Chain Barding Armor |
| 21:58 | Create | Villager (Male) |
| 22:00 | Build | Farm |
| 22:06 | Build | Palisade Gate |
| 22:11 | Build | Palisade Wall |
| 22:14 | Create | Villager (Male) |
| 22:18 | Create | Monk |
| 22:33 | Build | Farm |
| 22:36 | Create | Villager (Male) |
| 22:39 | Create | Scout Cavalry |
| 22:41 | Create | Spearman |
| 22:49 | Build | Farm |
| 22:50 | Build | Farm |
| 22:57 | Research | Bow Saw |
| 23:11 | Create | Spearman |
| 23:17 | Create | Spearman |
| 23:17 | Create | Villager (Male) |
| 23:30 | Create | Monk |
| 23:30 | Create | Villager (Male) |
| 23:36 | Research | Scale Mail Armor |
| 23:46 | Create | Villager (Male) |
| 24:00 | Create | Villager (Male) |
| 24:09 | Research | Squires |
| 24:11 | Create | Villager (Male) |
| 24:15 | Build | Mill |
| 24:16 | Build | Farm |
| 24:16 | Build | Farm |
Match timeline
| 4:23 | Dolan Jolan · first_building Barracks |
| 6:46 | Dolan Jolan · wall_segment Palisade Wall x12 |
| 7:36 | MisterHood · first_building Barracks |
| 7:40 | Bofus · first_building Barracks |
| 7:48 | Bofus · wall_segment Palisade Wall x11 |
| 7:59 | Bofus · wall_segment Palisade Wall x1 |
| 8:07 | Oliman13 · wall_segment Palisade Wall x5 |
| 8:17 | MisterHood · wall_segment Palisade Wall x8 |
| 8:35 | Oliman13 · first_building Barracks |
| 8:46 | Bofus · wall_segment Palisade Wall x7 |
| 8:52 | Bofus · age_up feudal |
| 8:57 | Bofus · first_building Stable |
| 9:17 | MisterHood · age_up feudal |
| 9:18 | MisterHood · first_building Stable |
| 9:25 | Bofus · wall_segment Palisade Wall x5 |
| 9:29 | MisterHood · wall_segment Palisade Wall x3 |
| 9:29 | Oliman13 · age_up feudal |
| 9:30 | MisterHood · wall_segment Palisade Wall x2 |
| 9:31 | MisterHood · wall_segment Palisade Wall x1 |
| 9:35 | Oliman13 · first_building Archery Range |
| 9:43 | Bofus · wall_segment Palisade Wall x1 |
| 9:48 | Bofus · wall_segment Palisade Wall x1 |
| 9:56 | Dolan Jolan · age_up feudal |
| 9:58 | Oliman13 · wall_segment Palisade Wall x3 |
| 10:03 | Oliman13 · wall_segment Palisade Wall x6 |
| 10:20 | Oliman13 · wall_segment Palisade Wall x1 |
| 10:39 | Oliman13 · wall_segment Palisade Wall x4 |
| 11:01 | Dolan Jolan · wall_segment Palisade Wall x1 |
| 11:06 | Dolan Jolan · wall_segment Palisade Wall x6 |
| 11:29 | MisterHood · wall_segment Palisade Wall x9 |
| 12:00 | Dolan Jolan · first_building Archery Range |
| 12:15 | MisterHood · wall_segment Palisade Wall x8 |
| 13:00 | Dolan Jolan · wall_segment Palisade Wall x5 |
| 13:13 | Oliman13 · wall_segment Palisade Wall x3 |
| 13:31 | Bofus · wall_segment Palisade Wall x1 |
| 13:49 | MisterHood · wall_segment Palisade Wall x1 |
| 14:08 | Oliman13 · wall_segment Palisade Wall x8 |
| 14:12 | MisterHood · wall_segment Palisade Wall x7 |
| 15:03 | MisterHood · wall_segment Palisade Wall x1 |
| 15:23 | Bofus · wall_segment Palisade Wall x1 |
| 15:49 | MisterHood · wall_segment Palisade Wall x10 |
| 17:15 | MisterHood · wall_segment Palisade Wall x1 |
| 18:54 | Oliman13 · first_market_buy 100 food |
| 18:54 | Dolan Jolan · wall_segment Palisade Wall x4 |
| 18:56 | Oliman13 · first_market_sell 100 wood |
| 19:01 | Dolan Jolan · wall_segment Palisade Wall x1 |
| 20:21 | MisterHood · age_up castle |
| 21:19 | Dolan Jolan · first_building Stable |
| 21:30 | Bofus · age_up castle |
| 21:33 | MisterHood · first_building Monastery |
| 22:11 | MisterHood · wall_segment Palisade Wall x3 |
| 22:35 | Oliman13 · age_up castle |
| 23:16 | Dolan Jolan · wall_segment Palisade Wall x1 |
| 23:34 | Dolan Jolan · age_up castle |
| 23:42 | Oliman13 · wall_segment Palisade Wall x1 |
| 23:46 | Oliman13 · wall_segment Palisade Wall x3 |
| 24:38 | Bofus · wall_segment Palisade Wall x1 |
| 24:39 | Bofus · wall_segment Palisade Wall x1 |
| 24:45 | Bofus · wall_segment Palisade Wall x1 |
| 24:46 | Bofus · wall_segment Palisade Wall x1 |
| 24:49 | Bofus · first_market_buy 100 wood |
| 26:36 | Dolan Jolan · wall_segment Palisade Wall x1 |
| 26:47 | Dolan Jolan · first_market_sell 100 wood |
| 27:14 | Bofus · first_building Monastery |
| 28:00 | Oliman13 · first_building Siege Workshop |
| 29:18 | Oliman13 · first_building Monastery |
| 30:02 | Dolan Jolan · wall_segment Palisade Wall x7 |
| 32:34 | Bofus · first_building Siege Workshop |
| 32:42 | Bofus · first_building Castle |
| 32:43 | Dolan Jolan · first_building Siege Workshop |
| 35:06 | Oliman13 · first_building Castle |
| 35:10 | Bofus · wall_segment Stone Wall x16 |
| 35:13 | MisterHood · first_building Castle |
| 35:44 | Dolan Jolan · first_building Monastery |
| 35:45 | Bofus · wall_segment Stone Wall x11 |
| 36:02 | Bofus · wall_segment Stone Wall x15 |
| 36:27 | Dolan Jolan · first_market_buy 100 stone |
| 36:39 | Bofus · age_up imperial |
| 38:03 | Oliman13 · age_up imperial |
| 40:41 | MisterHood · age_up imperial |
| 41:59 | Dolan Jolan · first_building Castle |
| 42:53 | Dolan Jolan · age_up imperial |
| 43:52 | MisterHood · tribute_sent a jugador 1 |
| 43:52 | MisterHood · tribute_sent a jugador 2 |
| 43:52 | MisterHood · tribute_sent a jugador 3 |
| 44:39 | MisterHood · wall_segment Stone Wall x7 |
| 44:40 | MisterHood · wall_segment Stone Wall x4 |
| 45:40 | MisterHood · first_market_buy 100 stone |
| 45:43 | MisterHood · tribute_sent a jugador 1 |
| 45:43 | MisterHood · tribute_sent a jugador 2 |
| 45:43 | MisterHood · tribute_sent a jugador 3 |
| 46:39 | Bofus · first_building Archery Range |
| 46:59 | Bofus · first_market_sell 100 wood |
| 47:06 | Bofus · wall_segment Stone Wall x10 |
| 47:12 | Bofus · wall_segment Stone Wall x19 |
| 47:19 | MisterHood · wall_segment Stone Wall x1 |
| 47:19 | MisterHood · wall_segment Stone Wall x1 |
| 48:54 | MisterHood · first_building Archery Range |
| 50:13 | Bofus · wall_segment Stone Wall x1 |
| 57:16 | MisterHood · wall_segment Stone Wall x8 |
| 57:34 | MisterHood · first_building Siege Workshop |
| 58:02 | MisterHood · wall_segment Stone Wall x1 |
| 58:49 | Oliman13 · resign |
[ AI ANALYSIS · 1 CREDIT ]
What really happened in this match?
Wolo.gg analyzes every decision: build order, eco, micro, common mistakes by bracket. Personalized analysis on WhatsApp or Discord in 30 seconds.
Civ guide
Aztecs
Perfil
Jugador #11032219